 Dungeon Crawl Stone Soup version 0.18.1-48-g4cf74bf (console) character file.

128113 Kloppie the Bludgeoner (level 17, -7/115 HPs)
             Began as a Gargoyle Berserker on July 8, 2016.
             Was a High Priest of Trog.
             Mangled by a salamander
             ... wielding a +1 halberd
              (13 damage)
             ... on level 2 of the Snake Pit on July 9, 2016.
             The game lasted 01:00:03 (25724 turns).

Kloppie the Bludgeoner (Gargoyle Berserker)        Turns: 25724, Time: 01:00:03

Health: -7/115     AC: 34    Str: 30    XL:     17   Next: 2%
Magic:  17/17      EV: 11    Int: 11    God:    Trog [*****.]
Gold:   2119       SH:  9    Dex: 14    Spells: 0 memorised, 16 levels left

rFire  x . .     SeeInvis .     a - +4 morningstar
rCold  + . .     Gourm    .     f - +0 chain mail of the Lonely Lives {*Drain Regen+ Str+4}
rNeg   + . .     Faith    .     T - +2 buckler
rPois  ∞         Spirit   .     C - +0 helmet
rElec  +         Dismiss  .     V - +2 cloak {rPois}
rCorr  .         Reflect  .     n - +0 pair of gloves of the Lonely Runes {Str+6}
SustAt .         Harm     .     J - +0 pair of boots
MR     +++..                    F - amulet of regeneration
Stlth  ..........               m - ring of ice
                                s - +4 ring of slaying

@: regenerating, slowed, constricted, very slow, extremely resistant to hostile
enchantments, extremely unstealthy
A: big wings, negative energy resistance 1, electricity resistance, unbreathing,
petrification resistance, rot immunity, AC +12
a: Fly, Berserk, Trog's Hand, Brothers in Arms, Burn Spellbooks, Renounce
Religion


You were on level 2 of the Snake Pit.
You worshipped Trog.
Trog was extremely pleased with you.
You were not hungry.

You visited 5 branches of the dungeon, and saw 28 of its levels.
You also visited: Labyrinth and Ossuary.

You collected 2716 gold pieces.
You spent 597 gold pieces at shops.

Inventory:

Hand Weapons
 a - a +4 morningstar (weapon)
 b - a +3 flail of holy wrath
 p - a +0 morningstar
 I - a +3 antimagic flail
Armour
 f - the +0 chain mail of the Lonely Lives (worn) {*Drain Regen+ Str+4}
   (You found it on level 5 of the Dungeon)

   It affects your strength (+4).
   It increases your rate of regeneration.
   It causes draining when unequipped.
 n - the +0 pair of gloves of the Lonely Runes (worn) {Str+6}
   (You found it on level 6 of the Dungeon)

   It affects your strength (+6).
 C - a +0 helmet (worn)
 G - a +1 shield of protection
 J - a +0 pair of boots (worn)
 T - a +2 buckler (worn)
 V - a +2 cloak of poison resistance (worn)
Jewellery
 e - an uncursed ring of see invisible
 j - an uncursed ring of protection from fire
 m - a ring of ice (right hand)
 s - a +4 ring of slaying (left hand)
 t - an uncursed ring of protection from fire
 D - an uncursed ring of resist corrosion
 F - an amulet of regeneration (around neck)
Wands
 g - a wand of paralysis (18/24)
 u - a wand of heal wounds (6/9)
 y - a wand of acid (15/15)
 A - a wand of digging (7/24)
 R - a wand of teleportation (2/9)
Scrolls
 d - 11 scrolls of remove curse
 i - 7 scrolls of enchant armour
 x - a scroll of summoning
 E - 4 scrolls of magic mapping
 H - 6 scrolls of blinking
 M - 3 scrolls of fear
 N - 4 scrolls of recharging
 O - a scroll of fog
 Q - 6 scrolls of teleportation
Potions
 h - 16 potions of curing
 l - 8 potions of haste
 o - 2 potions of invisibility
 v - 3 potions of cancellation
 z - 5 potions of heal wounds
 L - a potion of ambrosia
 P - 4 potions of might
Comestibles
 c - 22 bread rations
 k - 6 beef jerkies
 q - 3 chunks of flesh
 r - 3 slices of pizza
 w - a royal jelly


   Skills:
 + Level 15.9 Fighting
 - Level 16.0 Maces & Flails
 - Level 14.8 Armour
 - Level 9.2 Dodging
 + Level 12.2 Shields


You had 16 spell levels left.
You didn't know any spells.

Dungeon Overview and Level Annotations

Branches:
Dungeon (13/15)            Temple (0/1) D:6            Lair (8/8) D:10
  Swamp (3/4) Lair:3        Snake (2/4) Lair:6        Slime (0/6) Lair:7
    Orc (2/2) D:10            Elf (0/3) Orc:2        Vaults (0/5) D:13

Altars:
Ashenzari
Cheibriados
Dithmenos
Fedhas
Gozag
Kikubaaqudgha
Makhleb
Okawaru
Pakellas
Qazlal
Ru
Sif Muna
Vehumet
Yredelemnul
The Shining One
Beogh

Shops:
D:4 %   D:5 %   D:8 (   Orc:1 =   Orc:2 }((*

Annotations:
D:10 Sonja


Innate Abilities, Weirdness & Mutations

You are resistant to torment.
Your stone body is resilient (AC +12).
You are immune to poison.
Your large and strong wings let you fly indefinitely.
You resist negative energy.
You are resistant to electric shocks.
You can survive without breathing.
You are immune to petrification.
You are immune to rotting.


Message History

The salamander hits you.
You are engulfed in flames!!
The fire burns you terribly!
* * * LOW HITPOINT WARNING * * *
The naga warrior hits you with a hand axe!
* * * LOW HITPOINT WARNING * * *
The naga warrior constricts you.
The salamander mystic hits you with a quarterstaff.
* * * LOW HITPOINT WARNING * * *
You are engulfed in flames!!
The fire burns you terribly!
* * * LOW HITPOINT WARNING * * *
Your skin crawls.
You feel resistant to hostile enchantments.
You feel slightly more hungry.
The naga warrior hits you but does no damage.
The naga warrior constricts you.
The salamander hits you but does no damage. x2
The salamander hits you with an enchanted halberd!
* * * LOW HITPOINT WARNING * * *
You are engulfed in flames!
The fire burns you terribly!
You die...

......................#
#......................!
................##......
..................######
...........###..........
........................
........................
........................
.....NN@................
.....NNNN...............
.......N................
........................
..................... ..
.................$ .
...#.............
...###.........


You could see 2 naga warriors, a salamander mystic, 3 salamanders and a naga.

Vanquished Creatures
  3 thorn hunters (Swamp:3)
  Aizul (Swamp:2)
  A stone giant (Orc:2)
  6 dire elephants (Lair:8)
  Azrael (Orc:1)
  A minotaur (Lab)
  A vault guard (D:13)
  11 hydras
  2 ghost crabs (Swamp:1)
  4 anacondas
  Erica (D:9)
  7 alligators
  11 death yaks
  2 tengu warriors (D:13)
  5 orc high priests (Orc:2)
  A naga sharpshooter (Snake:1)
  A shock serpent (Snake:1)
  A fire crab (Lair:8)
  The ghost of Wardy2 the Covert, a novice DsEn of Dithmenos (D:8)
  A swamp dragon (Swamp:3)
  A naga ritualist (Snake:1)
  A spriggan druid (Swamp:2)
  The ghost of Kloppie the Fighter, a novice MiAK of Lugonu (D:5)
  6 hill giants
  Pikel (D:6)
  3 shambling mangroves
  4 orc knights (Orc:2)
  A deep elf mage (D:12)
  4 mana vipers (Snake:1)
  A manticore (D:12)
  An ugly thing (D:13)
  3 salamanders
  A griffon (Lair:4)
  4 orc sorcerers (Orc:2)
  A cyclops (Orc:1)
  9 elephants
  A guardian serpent (Snake:2)
  Joseph (D:10)
  25 black mambas
  2 molten gargoyles (D:11)
  3 gargoyles
  2 naga magi (Snake:1)
  23 spiny frogs
  A rime drake (Lair:6)
  8 komodo dragons
  An efreet (D:13)
  A tengu conjurer (D:13)
  6 trolls
  A polar bear (Lair:8)
  A two-headed ogre (Orc:2)
  10 bog bodies
  5 giant leeches
  4 slime creatures
  16 blink frogs
  6 spriggans
  3 wyverns
  4 basilisks
  45 yaks
  2 fire elementals (Orc:1)
  11 hippogriffs
  A hungry ghost (D:13)
  13 vampire mosquitoes
  2 steam dragons
  Menkaure (D:7)
  13 swamp worms
  3 wargs
  A mottled dragon (D:12)
  3 nagas (Snake:1)
  8 insubstantial wisps
  Duvessa (D:7)
  12 porcupines
  3 hell hounds (Orc:1)
  15 water moccasins
  8 swamp drakes
  38 orc warriors
  A slave (D:6)
  2 ice beasts
  6 sky beasts
  17 wasps
  2 black bears
  An eye of draining (D:13)
  16 ogres
  2 phantoms
  4 wolves (Lair:2)
  2 necrophages
  16 centaurs
  19 crocodiles
  A big kobold (D:13)
  21 giant frogs
  Dowan (D:7)
  4 water moccasin zombies
  3 scorpions
  A water moccasin skeleton (D:7)
  5 killer bees (D:11)
  7 wights
  A howler monkey (D:5)
  3 electric eels (D:10)
  5 lava snakes (D:11)
  18 crimson imps
  2 quasits
  3 centaur zombies
  27 orc wizards
  28 orc priests
  2 hounds
  4 jellies
  4 centaur skeletons
  10 iguanas
  A giant frog skeleton (D:13)
  A hell rat (D:10)
  6 worker ants
  20 sheep
  A big kobold zombie (Ossuary)
  2 hound zombies
  2 hound skeletons
  2 mummies (Ossuary)
  A howler monkey zombie (D:11)
  4 gnolls
  A howler monkey skeleton (D:7)
  18 adders
  44 river rats
  3 shadow imps
  An ooze (D:1)
  6 adder zombies
  An adder skeleton (D:6)
  3 worms
  2 dart slugs
  7 giant geckos
  86 orcs
  13 ball pythons
  2 giant cockroaches
  8 goblins
  8 hobgoblins
  10 jackals
  5 quokkas
  8 bats
  5 giant newts
  A gnoll zombie (Ossuary)
  4 hobgoblin zombies (Ossuary)
  A jackal skeleton (D:4)
  17 kobolds
  9 kobold zombies (Ossuary)
  3 orc zombies (Ossuary)
  A quokka skeleton (D:7)
  A quokka zombie (D:5)
  12 rats
  2 plants (Lair:8)
968 creatures vanquished.

Vanquished Creatures (collateral kills)
  An orc warlord (Orc:2)
  A stone giant (Orc:1)
  An orc sorcerer (Orc:2)
  An ogre (Orc:2)
  3 orc priests (Orc:2)
  2 orc wizards (Orc:2)
  6 orcs
15 creatures vanquished.

Vanquished Creatures (others)
  A giant leech (Swamp:1)
  A spriggan (Swamp:3)
  A swamp worm (Swamp:2)
  A giant frog zombie (D:6)
  An orc priest (Orc:2)
  An orc wizard (D:6)
  2 hound skeletons (D:6)
  3 orcs
  A kobold (D:13)
  2 briar patches (Swamp:3)
  6 fungi
  11 plants
31 creatures vanquished.

Grand Total: 1014 creatures vanquished

Notes
Turn   | Place    | Note
--------------------------------------------------------------
     0 | D:1      | Kloppie the Gargoyle Berserker began the quest for the Orb.
     0 | D:1      | Reached XP level 1. HP: 14/14 MP: 1/1
   134 | D:1      | Reached XP level 2. HP: 19/19 MP: 2/2
   332 | D:1      | Reached XP level 3. HP: 17/23 MP: 3/3
   461 | D:1      | Reached ** piety under Trog
   878 | D:2      | Found a sacrificial altar of Ru.
   961 | D:2      | Found an iron altar of Okawaru.
   985 | D:2      | Reached XP level 4. HP: 24/29 MP: 4/4
  1418 | D:2      | Reached *** piety under Trog
  1418 | D:2      | Reached skill level 4 in Maces & Flails
  1634 | D:3      | Found a blossoming altar of Fedhas.
  1678 | D:3      | Found a stormy altar of Qazlal.
  1685 | D:3      | Reached XP level 5. HP: 31/34 MP: 5/5
  1893 | D:3      | Found a shattered altar of Ashenzari.
  2385 | D:3      | Reached XP level 6. HP: 23/40 MP: 6/6
  2551 | D:4      | Reached skill level 5 in Fighting
  2757 | D:4      | Found Gillamo's Food Shoppe.
  2930 | D:5      | Entered Level 5 of the Dungeon
  2973 | D:5      | Found a basalt altar of Yredelemnul.
  3002 | D:5      | Noticed a phantom
  3030 | D:5      | Killed a phantom
  3030 | D:5      | Reached skill level 5 in Maces & Flails
  3030 | D:5      | Reached XP level 7. HP: 41/44 MP: 7/7
  3137 | D:5      | Got a twisted chain mail
  3148 | D:5      | Identified the cursed +0 chain mail of the Lonely Lives {*Drain Regen+ Str+4} (You found it on level 5 of the Dungeon)
  3229 | D:5      | Reached skill level 5 in Armour
  3241 | D:5      | Reached **** piety under Trog
  3410 | D:5      | Noticed Kloppie's ghost (novice MiAK)
  3438 | D:5      | Killed Kloppie's ghost
  3438 | D:5      | Reached skill level 6 in Maces & Flails
  3438 | D:5      | Reached XP level 8. HP: 52/52 MP: 8/8
  3471 | D:5      | Found Ohuaf's Food Emporium.
  3531 | D:5      | Found a sacrificial altar of Ru.
  4189 | D:6      | Found a stormy altar of Qazlal.
  4201 | D:6      | Noticed Pikel
  4222 | D:6      | Killed Pikel
  4222 | D:6      | Reached skill level 7 in Maces & Flails
  4528 | D:6      | Reached XP level 9. HP: 58/58 MP: 9/9
  4807 | D:6      | Found an ancient bone altar of Kikubaaqudgha.
  4863 | D:6      | Got a pair of faintly glowing gloves
  4874 | D:6      | Identified the +0 pair of gloves of the Lonely Runes {Str+6} (You found it on level 6 of the Dungeon)
  4953 | D:6      | Found a staircase to the Ecumenical Temple.
  5070 | D:7      | Noticed Duvessa
  5070 | D:7      | Noticed Dowan
  5075 | D:7      | Noticed Menkaure
  5161 | D:7      | Killed Menkaure
  5170 | D:7      | Killed Duvessa
  5178 | D:7      | Killed Dowan
  5409 | D:7      | Found an oddly glowing altar of Pakellas.
  5445 | D:7      | Reached skill level 8 in Maces & Flails
  5531 | D:7      | Found a deep blue altar of Sif Muna.
  5676 | D:7      | Got a tattered robe
  5677 | D:7      | Identified the +0 robe of Qippyaqi {*Corrode rF+ Str+2} (You found it on level 7 of the Dungeon)
  5844 | D:8      | Found an opulent altar of Gozag.
  5895 | D:8      | Noticed Wardy2's ghost (novice DsEn)
  5917 | D:8      | Killed Wardy2's ghost
  5917 | D:8      | Reached XP level 10. HP: 66/66 MP: 10/10
  5943 | D:8      | Found Recacara's Weapon Shop.
  6036 | D:8      | Found a sand-covered staircase.
  6066 | Ossuary  | Entered an ossuary
  6166 | Ossuary  | Reached skill level 9 in Maces & Flails
  6594 | D:9      | Found a glowing golden altar of the Shining One.
  6608 | D:9      | Found a shadowy altar of Dithmenos.
  6647 | D:9      | Reached skill level 10 in Fighting
  6715 | D:9      | Noticed Erica
  6726 | D:9      | Killed Erica
  7094 | D:9      | Found a snail-covered altar of Cheibriados.
  7251 | D:9      | Reached ***** piety under Trog
  7435 | D:9      | Found a burning altar of Makhleb.
  7479 | D:10     | Entered Level 10 of the Dungeon
  7489 | D:10     | Found a staircase to the Orcish Mines.
  7491 | D:10     | You fall through a shaft for 2 floors!
  7496 | D:12     | Noticed a manticore
  7509 | D:12     | Killed a manticore
  7509 | D:12     | Reached skill level 10 in Maces & Flails
  7509 | D:12     | Reached XP level 11. HP: 30/73 MP: 11/11
  7614 | D:12     | Noticed a hill giant
  7622 | D:12     | Killed a hill giant
  7713 | D:11     | Noticed a hill giant
  7728 | D:12     | Killed a hill giant
  7728 | D:12     | Reached skill level 10 in Armour
  7900 | D:11     | Noticed a hill giant
  8170 | D:10     | Noticed Sonja
  8314 | D:10     | Noticed Joseph
  8325 | D:10     | Killed Joseph
  8418 | D:10     | Found a staircase to the Lair.
  8441 | Lair:1   | Entered Level 1 of the Lair of Beasts
  9074 | Lair:1   | Reached skill level 11 in Maces & Flails
  9463 | Lair:2   | Received a gift from Trog
  9492 | Lair:2   | Noticed a six-headed hydra
  9500 | Lair:2   | Killed a six-headed hydra
  9500 | Lair:2   | Reached XP level 12. HP: 72/81 MP: 12/12
  9895 | Lair:2   | Noticed a five-headed hydra
  9906 | Lair:2   | Killed a five-headed hydra
  9906 | Lair:2   | Reached skill level 12 in Maces & Flails
 10748 | Lair:3   | Noticed a six-headed hydra
 10759 | Lair:3   | Killed a six-headed hydra
 10759 | Lair:3   | Reached skill level 5 in Dodging
 11152 | Lair:3   | Found a staircase to the Swamp.
 11368 | Lair:4   | Received a gift from Trog
 11369 | Lair:4   | Got a bone spear {god gift}
 11388 | Lair:4   | Found a labyrinth entrance.
 11398 | Lab      | Entered a labyrinth
 11524 | Lab      | Noticed a minotaur
 11532 | Lab      | Killed a minotaur
 11860 | Lair:4   | Noticed a six-headed hydra
 11867 | Lair:4   | Killed a six-headed hydra
 11867 | Lair:4   | Reached skill level 13 in Maces & Flails
 12122 | Lair:4   | Reached XP level 13. HP: 86/86 MP: 13/13
 12742 | Lair:5   | Reached ****** piety under Trog
 12749 | Lair:5   | Received a gift from Trog
 12886 | Lair:5   | Reached skill level 14 in Maces & Flails
 13600 | Lair:6   | Found a staircase to the Snake Pit.
 14044 | Lair:6   | Received a gift from Trog
 14091 | Lair:6   | Gained mutation: Your large and strong wings let you fly indefinitely. [Gargoyle growth]
 14091 | Lair:6   | Reached XP level 14. HP: 63/92 MP: 4/14
 14793 | Lair:7   | Found a staircase to the Slime Pits.
 15052 | Lair:7   | Reached skill level 15 in Maces & Flails
 15278 | Orc:1    | Entered Level 1 of the Orcish Mines
 15326 | Orc:1    | Noticed a stone giant
 15340 | Orc:1    | Killed a stone giant
 15389 | Orc:1    | Found a roughly hewn altar of Beogh.
 15446 | Orc:1    | Found Keppenam's Jewellery Shoppe.
 15449 | Orc:1    | Bought a cursed amulet of inaccuracy for 36 gold pieces
 15449 | Orc:1    | Bought an uncursed amulet of regeneration for 540 gold pieces
 15539 | Orc:2    | Entered Level 2 of the Orcish Mines
 15600 | Orc:2    | Received a gift from Trog
 15610 | Orc:2    | Noticed Azrael
 15703 | Orc:1    | Killed Azrael
 15974 | Orc:2    | Found a staircase to the Elven Halls.
 16192 | Orc:2    | Noticed an orc warlord
 16221 | Orc:2    | Killed an orc warlord
 16263 | Orc:2    | Found a roughly hewn altar of Beogh.
 16538 | Orc:2    | Received a gift from Trog
 16631 | Orc:2    | Noticed a stone giant
 16641 | Orc:2    | Killed a stone giant
 16741 | Orc:2    | Found Noiluh's Gadget Shop.
 16946 | Orc:2    | Found Oshruok's Weapon Emporium.
 17259 | Orc:2    | Found Eczottaw's Antique Weapon Boutique.
 17277 | Orc:2    | Found Hetsigiu's Assorted Antiques.
 17282 | Orc:2    | Bought a scroll labeled OROCUN COSAEC for 21 gold pieces
 17327 | Orc:2    | Found a roughly hewn altar of Beogh.
 17378 | Orc:2    | Paralysed by an orc sorcerer for 2 turns
 17533 | Orc:2    | Reached skill level 16 in Maces & Flails
 17797 | D:11     | Reached XP level 15. HP: 101/101 MP: 15/15
 18526 | D:12     | Received a gift from Trog
 18759 | D:12     | Reached skill level 15 in Fighting
 19548 | D:13     | Reached skill level 5 in Shields
 19565 | D:13     | Found a gate to the Vaults.
 19655 | D:13     | Received a gift from Trog
 20252 | Lair:7   | Identified the +2 spear of Muriadd {holy, Dex+3} (Trog gifted it to you on level 4 of the Lair of Beasts)
 20256 | Lair:8   | Entered Level 8 of the Lair of Beasts
 21801 | Lair:8   | Reached XP level 16. HP: 55/108 MP: 16/16
 21958 | Swamp:1  | Entered Level 1 of the Swamp
 22156 | Swamp:1  | Received a gift from Trog
 22157 | Swamp:1  | Got a slimy battleaxe {god gift}
 22495 | Swamp:1  | Found a radiant altar of Vehumet.
 23047 | Swamp:2  | Reached skill level 10 in Shields
 23450 | Swamp:2  | Identified the +6 battleaxe of Liysiec {chop, Str+2} (Trog gifted it to you on level 1 of the Swamp)
 23735 | Swamp:3  | Noticed Aizul
 23770 | Swamp:2  | Killed Aizul
 23786 | Swamp:3  | Noticed a thorn hunter
 23795 | Swamp:3  | Killed a thorn hunter
 23962 | Swamp:3  | Noticed a thorn hunter
 23981 | Swamp:3  | Killed a thorn hunter
 24200 | Swamp:3  | Noticed a thorn hunter
 24212 | Swamp:3  | Killed a thorn hunter
 24359 | Swamp:3  | Received a gift from Trog
 25068 | Snake:1  | Entered Level 1 of the Snake Pit
 25303 | Snake:1  | Found a basalt altar of Yredelemnul.
 25462 | Snake:1  | Reached XP level 17. HP: 106/115 MP: 17/17
 25724 | Snake:2  | Mangled by a salamander

Skill      XL: |  1  2  3  4  5  6  7  8  9 10 11 12 13 14 15 16 |
---------------+-------------------------------------------------+-----
Armour         | 3 4 6 7 9 11 13 14 | 14.8
Fighting       | 4 5 6 7 9 10 12 14 15 | 15.9
Maces & Flails | 4 5 6 7 8 10 11 13 14 16 | 16.0
Shields        | 4 8 12 | 12.2
Dodging        | 2 6 9 |  9.2

Action                   |  1- 3 |  4- 6 |  7- 9 | 10-12 | 13-15 | 16-18 || total
-------------------------+-------+-------+-------+-------+-------+-------++-------
Melee: Mace              |   129 |   227 |       |       |       |       ||   356
       Flail             |       |    17 |   279 |   832 |   411 |       ||  1539
       Morningstar       |       |       |       |       |  1395 |   769 ||  2164
Invok: Berserk           |     1 |       |     3 |     4 |     7 |     2 ||    17
       Trog's Hand       |     1 |       |       |     2 |     9 |     5 ||    17
       Brothers in Arms  |       |       |       |       |     2 |     1 ||     3
 Abil: Fly               |       |       |       |       |     1 |       ||     1
       Stop Flying       |       |       |       |       |     1 |       ||     1
Evoke: Wand              |       |       |       |       |     2 |       ||     2
  Use: Scroll            |       |     7 |     9 |    15 |    10 |     2 ||    43
       Potion            |       |       |     1 |       |       |     1 ||     2
 Stab: Confused          |       |       |       |       |       |     1 ||     1
  Eat: Chunk             |     2 |     7 |     6 |    13 |    32 |     7 ||    67
       Meat ration       |       |       |     1 |     1 |     2 |     1 ||     5
       Bread ration      |       |       |       |     2 |       |     1 ||     3
       Beef jerky        |       |       |       |       |     1 |       ||     1
       Royal jelly       |       |       |       |       |       |     1 ||     1
Armor: Animal skin       |    44 |       |       |       |       |       ||    44
       Scale mail        |     4 |   160 |       |       |       |       ||   164
       Chain mail        |       |       |   324 |   473 |   851 |   473 ||  2121
Dodge: Dodged            |   121 |   141 |   180 |   331 |   929 |   459 ||  2161
Block: Buckler           |       |       |       |   133 |   407 |   342 ||   882
